 Dungeon Crawl Stone Soup version 0.24-a0-416-g56ce5178b7 (webtiles) character file.

Game seed: 9601599262035134815

4270 emperorscorpion the Cleaver (level 10, 0/75 HPs)
             Began as a Vampire Fighter on June 9, 2019.
             Was an Initiate of Gozag.
             Slain by a sky beast (3 damage)
             ... on level 9 of the Dungeon.
             The game lasted 00:15:35 (8249 turns).

emperorscorpion the Cleaver (Vampire Fighter)       Turns: 8249, Time: 00:15:36

Health: 0/75       AC: 11    Str: 18    XL:     10   Next: 10%
Magic:  10/10      EV: 10    Int: 12    God:    Gozag
Gold:   1349       SH: 10    Dex: 13    Spells: 9/9 levels left

rFire    . . .     SeeInvis +   a - +0 war axe
rCold    . . .     Gourm    .   c - +0 shield
rNeg     . . .     Faith    .   b - +0 scale mail
rPois    .         Spirit   .   (no helmet)
rElec    .         Reflect  .   u - +2 cloak
rCorr    .         Harm     .   j - +0 pair of gloves
MR       ++...                  (no boots)
Stlth    +.........             (no amulet)
HPRegen  0.42/turn              w - ring of protection from magic
MPRegen  0.12/turn              (no ring)

@: gold aura, regenerating quickly
A: no food, fangs 3, see invisible, unbreathing
a: Exsanguinate, Potion Petition, Call Merchant, Bribe Branch, Renounce Religion


You were on level 9 of the Dungeon.
You worshipped Gozag.
Gozag was most pleased with you.
You were alive.

You visited 1 branch of the dungeon, and saw 9 of its levels.

You collected 1384 gold pieces.
You paid 35 gold pieces to Gozag.

Inventory:

Hand Weapons
 a - a +0 war axe (weapon)
Missiles
 m - 9 poisoned darts (quivered)
 q - 6 boomerangs
 F - 2 javelins
Armour
 b - a +0 scale mail (worn)
 c - a +0 shield (worn)
 j - a +0 pair of gloves (worn)
 u - a +2 cloak (worn)
Jewellery
 p - an uncursed ring of ice
 w - a ring of protection from magic (left hand)
 y - an uncursed ring of wizardry {unknown}
 C - an uncursed ring of flight
 D - an uncursed ring of protection from magic
Wands
 z - a wand of paralysis (8)
 E - a wand of flame (18)
Scrolls
 e - 4 scrolls of remove curse
 h - 8 scrolls of teleportation
 i - a scroll of noise
 k - 4 scrolls of identify
 o - 5 scrolls of fear
 s - a scroll of enchant armour {unknown}
 t - a scroll of magic mapping {unknown}
 G - a scroll of fog {unknown}
Potions
 d - a potion of might
 f - 5 potions of curing
 g - 3 potions of brilliance {unknown}
 l - 2 potions of magic {unknown}
 n - a potion of cancellation {unknown}
 r - a potion of heal wounds {unknown}
 v - 2 potions of lignification {unknown}
 x - 2 potions of haste {unknown}
 B - a potion of flight {unknown}


   Skills:
 + Level 5.6 Fighting
 + Level 8.1 Axes
 + Level 4.0 Throwing
 + Level 5.2 Armour
 + Level 4.2 Dodging
 + Level 1.9 Stealth
 + Level 6.1 Shields


You had 9 spell levels left.
You didn't know any spells.
Your spell library was empty.

Dungeon Overview and Level Annotations

Branches:
Dungeon (9/15)             Temple (0/1) D:5
   Lair: D:8-11         Orc: D:9-12

Altars:
Dithmenos
Fedhas
Gozag
Makhleb
Okawaru
Ru
Uskayaw
Wu Jian
Xom
The Shining One

Shops:
D:4 :

Annotations:
D:8 Grum


Innate Abilities, Weirdness & Mutations

You do not eat.
Your natural rate of healing is unusually fast.
You have razor-sharp teeth.
You have supernaturally acute eyesight. (SInv)
You can survive without breathing.


Message History

You block the sky beast's attack.
You closely miss the sky beast. Your bite misses the sky beast.
The sky beast is lightly wounded.
You block the sky beast's attack.
You barely miss the sky beast.
The sky beast is lightly wounded.
The sky beast becomes distracted by your gold, dreaming of imaginary riches.
You catch the helpless sky beast completely off-guard!
You hit the sky beast but do no damage.
The sky beast is no longer distracted by gold.
The sky beast is lightly wounded.
The sky beast hits you.
* * * LOW HITPOINT WARNING * * *
The sky beast shocks you.
* * * LOW HITPOINT WARNING * * *
You hit the sky beast. You bite the sky beast.
The sky beast is moderately wounded.
The sky beast looks more healthy.
The sky beast hits you.
You die...
Your body crumbles into a pile of gold.

#################
.(...........(..
...............#
#.............#
#.........#..(###.
#...(.....#.......
.#....Y............
....(..@(..........
##############.....
... .


You could see a sky beast.

Vanquished Creatures
  Erica (D:8)
  A troll (D:9)
  A hippogriff (D:7)
  A hungry ghost (D:7)
  An orc warrior (D:6)
  A black bear (D:7)
  2 phantoms (D:6)
  3 ogres
  3 centaurs (D:7)
  A big kobold (D:8)
  4 bullfrogs
  2 scorpions (D:4)
  10 killer bees
  2 crimson imps
  10 orc priests
  Crazy Yiuf (D:3)
  3 hounds
  10 orc wizards
  2 jellies
  5 iguanas
  5 worker ants
  Natasha (twice) (D:3)
  Ijyb (D:3)
  A worker ant zombie (D:6)
  Robin (D:2)
  8 adders
  A shadow imp (D:3)
  An ooze (D:1)
  4 adder skeletons
  An adder zombie (D:6)
  2 worms (D:2)
  2 dart slugs
  5 leopard geckos
  27 orcs
  7 giant cockroaches
  13 goblins
  11 hobgoblins
  20 jackals
  2 quokkas
  2 ball pythons
  6 bats
  6 frilled lizards
  A giant cockroach zombie (D:5)
  9 kobolds
  2 leopard gecko skeletons
  A leopard gecko zombie (D:6)
  4 rats
209 creatures vanquished.

Vanquished Creatures (others)
  A plant (D:5)
1 creature vanquished.

Grand Total: 210 creatures vanquished

Notes
Turn   | Place    | Note
-------+----------+-------------------------------------------
     0 | D:1      | emperorscorpion the Vampire Fighter began the quest for the
                  | Orb.
     0 | D:1      | Reached XP level 1. HP: 17/17 MP: 1/1
    56 | D:1      | Reached XP level 2. HP: 20/23 MP: 2/2
   344 | D:1      | Reached skill level 2 in Axes
   347 | D:1      | Reached XP level 3. HP: 28/29 MP: 3/3
   758 | D:2      | Noticed Robin
   917 | D:2      | Killed Robin
  1137 | D:2      | Reached XP level 4. HP: 35/35 MP: 4/4
  1157 | D:2      | Found a shadowy altar of Dithmenos.
  1158 | D:2      | Found an ornate altar of the Wu Jian Council.
  1159 | D:2      | Found a sacrificial altar of Ru.
  1159 | D:2      | Found an opulent altar of Gozag.
  1164 | D:2      | Became a worshipper of Gozag Ym Sagoz the Greedy
  1911 | D:3      | Reached XP level 5. HP: 27/42 MP: 5/5
  1913 | D:3      | Reached skill level 3 in Axes
  1940 | D:3      | Reached skill level 1 in Dodging
  2065 | D:3      | Noticed Ijyb
  2079 | D:3      | Killed Ijyb
  2103 | D:3      | Found a hide-covered altar of Uskayaw.
  2107 | D:3      | Found an iron altar of Okawaru.
  2416 | D:3      | Found a runed translucent door.
  2417 | D:3      | Noticed Crazy Yiuf
  2539 | D:3      | Noticed Natasha
  2543 | D:3      | Killed Natasha
  2677 | D:3      | Noticed Natasha
  2682 | D:3      | Killed Natasha
  2751 | D:3      | Killed Crazy Yiuf
  2932 | D:4      | Reached skill level 1 in Stealth
  2932 | D:4      | Reached XP level 6. HP: 27/48 MP: 6/6
  3175 | D:4      | Found a shimmering altar of Xom.
  3490 | D:4      | Found a burning altar of Makhleb.
  3557 | D:4      | Reached skill level 4 in Axes
  3833 | D:4      | Found Cilall's Book Shop.
  4001 | D:5      | Entered Level 5 of the Dungeon
  4041 | D:5      | Reached XP level 7. HP: 28/54 MP: 7/7
  4234 | D:5      | Reached skill level 1 in Throwing
  4284 | D:5      | HP: 2/54 [ogre/+0 giant club (28)]
  4731 | D:5      | Found a staircase to the Ecumenical Temple.
  5052 | D:6      | Reached skill level 5 in Axes
  5166 | D:7      | Reached XP level 8. HP: 49/61 MP: 8/8
  5345 | D:6      | Reached skill level 6 in Axes
  5535 | D:6      | Found a glowing golden altar of the Shining One.
  6023 | D:6      | Found a blossoming altar of Fedhas.
  6264 | D:6      | Reached skill level 5 in Fighting
  6264 | D:6      | Reached skill level 5 in Shields
  6557 | D:7      | Reached skill level 7 in Axes
  6557 | D:7      | Reached XP level 9. HP: 68/68 MP: 9/9
  7922 | D:8      | Noticed Erica
  7943 | D:8      | Killed Erica
  7943 | D:8      | Reached skill level 5 in Armour
  7960 | D:8      | Noticed Grum
  7975 | D:8      | Reached skill level 8 in Axes
  7982 | D:8      | Reached XP level 10. HP: 39/75 MP: 10/10
  8205 | D:9      | Noticed a green ugly thing
  8248 | D:9      | HP: 3/75 [sky beast (6)]
  8249 | D:9      | Slain by a sky beast

Levels and vault maps discovered:
D:1:      dpeg_arrival_lava_temple_mockup, layout_basic, minivault_11,
          minmay_misc_feat_chi, kennysheep_boxes
D:2:      layout_loops_ring, chequers_temple_overflow_statue_of_worship,
          uniq_robin
D:3:      layout_basic, minitemple, uniq_crazy_yiuf_cottage, uniq_ijyb,
          uniq_natasha
D:4:      layout_basic, kennysheep_mini, makhleb_blood_cavern_becter,
          first_ration, serial_shops, kennysheep_little_box
D:5:      wad_lake_hut, layout_rooms, temple_pool_b
D:6:      layout_layer_cave, fedhas_altar_2, tso_metal_star
D:7:      nicolae_whirlpool, layout_gridville
D:8:      layout_rooms, kennysheep_mini_moat, marbit_many_paths,
          ebering_ghost_disaster_area, uniq_grum, uniq_erica
D:9:      layout_stronghold, enter_bailey_3, uniq_harold

Skill      XL: |  1  2  3  4  5  6  7  8  9 |
---------------+----------------------------+-----
Shields        | 3 4 5 6 |  6.1
Fighting       | 3 4 5 |  5.6
Axes           | 2 3 4 5 7 8 |  8.1
Dodging        | 1 2 3 4 |  4.2
Armour         | 3 4 5 |  5.2
Stealth        | 1 |  1.9
Throwing       | 1 4 |  4.0

Action                   |  1- 3 |  4- 6 |  7- 9 | 10-12 || total
-------------------------+-------+-------+-------+-------++-------
Melee: War axe           |    95 |   224 |   405 |    40 ||   764
       Bite              |    10 |    14 |    44 |     7 ||    75
Throw: Dart              |       |    19 |    75 |     6 ||   100
Evoke: Wand              |       |       |       |     1 ||     1
  Use: Potion            |       |       |     1 |       ||     1
       Scroll            |       |       |       |     4 ||     4
 Stab: Distracted        |       |     1 |     2 |     1 ||     4
Armor: Scale mail        |    49 |   109 |   189 |    23 ||   370
Dodge: Dodged            |    30 |    75 |   159 |    22 ||   286
Block: Shield            |    57 |   139 |   226 |    21 ||   443

Table legend:
 A = Non-vault XP
 B = Vault XP
 C = Vault XP percentage of total XP
 D = Non-vault monster count
 E = Vault monster count
 F = Vault count percentage of total count
                 A         B        C        D         E       F
            +---------+---------+-------+---------+---------+-------
      Total |    4750 |    1350 |  22.1 |     189 |      20 |   9.6
            +---------+---------+-------+---------+---------+-------
        D:1 |      50 |       1 |   2.0 |      25 |       1 |   3.8
        D:2 |     103 |      37 |  26.4 |      14 |      12 |  46.2
        D:3 |      67 |     110 |  62.1 |      23 |       3 |  11.5
        D:4 |     242 |      42 |  14.8 |       9 |       1 |  10.0
        D:5 |     488 |       0 |   0.0 |      18 |       0 |   0.0
        D:6 |    1220 |       0 |   0.0 |      44 |       0 |   0.0
        D:7 |    1810 |     216 |  10.7 |      38 |       2 |   5.0
        D:8 |     401 |     944 |  70.2 |      14 |       1 |   6.7
        D:9 |     369 |       0 |   0.0 |       4 |       0 |   0.0
            +---------+---------+-------+---------+---------+-------
